 Dungeon Crawl Stone Soup version 0.28.0-47-ge53b351184 (webtiles) character file.

Game seed: 12839882885740489614

223 Allula97 the Covered (level 5, 0/42 HPs)
             Began as a Demonspawn Fighter on May 3, 2022.
             Was an Initiate of Ashenzari.
             Slain by an orc warrior
             ... wielding a +0 trident
              (7 damage)
             ... on level 4 of the Dungeon.
             The game lasted 00:05:21 (3761 turns).

Allula97 the Covered (Demonspawn Fighter)           Turns: 3761, Time: 00:05:22

Health: 0/42       AC: 15    Str: 16    XL:     5   Next: 66%
Magic:  5/5        EV:  5    Int:  9    God:    Ashenzari [......]
Gold:   83         SH:  0    Dex: 15    Spells: 4/4 levels left

rFire   . . .      SeeInvis .     - Unarmed
rCold   + . .      Faith    .   (no shield)
rNeg    . . .      Spirit   .   g - +2 plate armour {rC+}
rPois   .          Reflect  .   (no helmet)
rElec   .          Harm     .   (no cloak)
rCorr   .          Rampage  .   (no gloves)
Will    .....                   (no boots)
Stlth   ..........              (no amulet)
HPRegen 0.14/turn               (no ring)
MPRegen 0.09/turn               (no ring)

@: no status effects
A: claws 2, icy blue scales 1
a: Renounce Religion, Curse Item


You were on level 4 of the Dungeon.
You worshipped Ashenzari.
Ashenzari was noncommittal.
You visited 1 branch of the dungeon, and saw 4 of its levels.

You collected 83 gold pieces.

Inventory:

Armour
 g - a +2 plate armour of cold resistance (worn)
Scrolls
 a - a scroll of identify {unknown}
 b - a scroll of holy word {unknown}
 c - a scroll of fog {unknown}
 e - a scroll of fear
 f - a scroll of amnesia {unknown}
 h - a scroll of magic mapping {unknown}
 i - a scroll of enchant armour {unknown}


   Skills:
 * Level 3.7 Fighting
 - Level 2.3 Short Blades
 * Level 3.8 Armour
 * Level 1.4 Dodging
 - Level 0.4 Stealth
 - Level 3.1 Shields
 * Level 2.1 Unarmed Combat


You had 4 spell levels left.
You didn't know any spells.
Your spell library was empty.

Dungeon Overview and Level Annotations

Branches:
Dungeon (4/15)
 Temple: D:4-7

Altars:
Ashenzari


Innate Abilities, Weirdness & Mutations

You have very sharp fingernails.
You are partially covered in icy blue scales. (AC +2)


Message History

The orc warrior hits you but does no damage.
You claw the orc!
You kill the orc!
The orc warrior hits you from afar with a +0 trident!
The orc warrior hits you but does no damage.
You see here a +3 dagger.
You scratch the orc warrior.
The orc warrior is lightly wounded.
The ball python bites you. The ball python barely misses you.
The orc warrior hits you but does no damage.
You closely miss the orc warrior.
The orc warrior is lightly wounded.
The ball python barely misses you. The ball python grabs you.
The ball python constricts you. The ball python barely misses you.
The ball python constricts you.
The orc warrior hits you but does no damage.
You closely miss the orc warrior.
The orc warrior is lightly wounded.
The ball python bites you but does no damage.
The ball python constricts you.
The orc warrior hits you but does no damage.
You completely miss the orc warrior.
The orc warrior is lightly wounded.
The ball python bites you but does no damage.
The ball python constricts you.
The orc warrior hits you with a +0 trident!
You closely miss the orc warrior.
The orc warrior is lightly wounded.
The ball python bites you. The ball python constricts you.
The orc warrior hits you with a +0 trident!
You claw the orc warrior!
The orc warrior is moderately wounded.
The ball python bites you but does no damage.
The ball python constricts you.
The orc warrior hits you with a +0 trident!
* * * LOW HITPOINT WARNING * * *
You claw the ball python!
You kill the ball python!
The orc warrior hits you with a +0 trident!
You die...

# . # .♣ .P.♣♣. # .♣
#..♣P. . ##+#♣.♣ .P.P..
.. ....♣.♣
.P.P..######... ....♣.♣
...P...........$
...S♣.♣.................
..O....[........<.......
....<..........)@†......
................o.......
........................
##+#####................
...............
......######... ......
... ...... ..


You could see an orc warrior.

Vanquished Creatures
  A bullfrog (D:3)
  Jessica (D:2)
  An iguana (D:4)
  4 gnolls (D:3)
  A worm (D:3)
  2 dart slugs
  7 orcs
  6 endoplasms
  4 goblins
  3 hobgoblins
  7 jackals
  3 kobolds
  2 quokkas (D:1)
  7 ball pythons
  5 bats
  3 frilled lizards
  6 rats
63 creatures vanquished.

Vanquished Creatures (others)
  7 plants (D:1)
7 creatures vanquished.

Grand Total: 70 creatures vanquished

Notes
Turn   | Place    | Note
-------+----------+-------------------------------------------
     0 | D:1      | Allula97 the Demonspawn Fighter began the quest for the
                  | Orb.
     0 | D:1      | Reached XP level 1. HP: 18/18 MP: 1/1
    88 | D:1      | Found a faded altar of an unknown god.
    91 | D:1      | Prayed at the altar of an unknown god.
    91 | D:1      | Became a worshipper of Ashenzari the Shackled
   230 | D:1      | Gained mutation: You are partially covered in icy blue
                  | scales. (AC +2) [demonic ancestry]
   230 | D:1      | Reached XP level 2. HP: 6/24 MP: 2/2
  1320 | D:2      | Identified the +3 leather armour of Infinity {Harm *Slow
                  | rCorr Dex+3}
  1395 | D:2      | Reached XP level 3. HP: 29/29 MP: 3/3
  1413 | D:2      | Noticed Jessica
  1420 | D:2      | Killed Jessica
  2052 | D:3      | Gained mutation: You have sharp fingernails. [demonic
                  | ancestry]
  2052 | D:3      | Reached XP level 4. HP: 32/35 MP: 4/4
  2524 | D:3      | You fall into a shaft and drop 1 floor!
  2594 | D:4      | Reached skill level 1 in Dodging
  2678 | D:4      | Noticed an ogre
  2678 | D:4      | Noticed a bullfrog
  2851 | D:3      | Killed a bullfrog
  2852 | D:3      | Reached skill level 1 in Unarmed Combat
  2852 | D:3      | Gained mutation: You have very sharp fingernails. [demonic
                  | ancestry]
  2852 | D:3      | Reached XP level 5. HP: 15/42 MP: 5/5
  3748 | D:4      | Noticed an orc warrior
  3761 | D:4      | Slain by an orc warrior

Illustrated notes

Levels and vault maps discovered:
D:1:      dpeg_arrival_three_bigger_balls, layout_loops_ring, serial_bayou,
          serial_bayou_pond_d, serial_bayou_shore_b, serial_bayou_pond_a,
          serial_bayou_ford_a, serial_bayou_pond_b,
          hellmonk_ecumenical_altar_inner_sanctum
D:2:      layout_basic, dk_noncrumbling_4, uniq_jessica
D:3:      layout_loops_ring
D:4:      layout_gridville, gammafunk_temple_overflow_elements, serial_forest,
          infiniplex_forest_clump_diagonal, infiniplex_forest_lined_room_,
          infiniplex_forest_zigzag_1, infiniplex_forest_end_2,
          infiniplex_forest_straight_1, infiniplex_forest_straight_3,
          infiniplex_forest_clump_curved

Skill      XL: |  1  2  3  4  5 |
---------------+----------------+-----
Short Blades   | 2 |  2.3
Shields        | 3 |  3.1
Armour         | 3 |  3.8
Dodging        | 1 |  1.4
Unarmed Combat | 1 2 |  2.1
Fighting       | |  3.7
Stealth        | |  0.4

Action                   |  1- 3 |  4- 6 || total
-------------------------+-------+-------++-------
Melee: Rapier            |    93 |    14 ||   107
       Unarmed           |       |   140 ||   140
       Punch             |       |     1 ||     1
  Use: Scroll            |       |     1 ||     1
       Potion            |       |     1 ||     1
Armor: Scale mail        |    22 |       ||    22
       Plate armour      |    44 |   103 ||   147
Dodge: Dodged            |    34 |    46 ||    80
Block: Buckler           |    28 |     2 ||    30
